 Dungeon Crawl Stone Soup version 0.32-a0-131-g9dbbe29261 (webtiles) character file.

Game seed: 16593343984421230532

571 hikkokomori the Ruffian (level 7, -1/67 HPs)
             Began as a Troll Fighter on Feb 9, 2024.
             Slain by a phantom (3 damage)
             ... on level 4 of the Dungeon.
             The game lasted 00:06:40 (2070 turns).

hikkokomori the Ruffian (Troll Fighter)             Turns: 2070, Time: 00:06:41

Health: -1/67      AC:  4    Str: 25    XL:     7   Next: 11%
Magic:  6/6        EV:  5    Int:  4    God:
Gold:   152        SH:  0    Dex: 11    Spells: 6/6 levels left

rFire   . .          .
                       - Unarmed
rCold   . . .        b - +0 kite shield
rNeg    . . .        a - +0 robe
rPois   +            (helmet restricted)
rElec   .            (no cloak)
rCorr   .            (gloves unavailable)
SInv    .            (boots unavailable)
Will    .....        (no amulet)
Stlth   ++           j - ring of poison resistance
HPRegen 1.11/turn    (no ring)
MPRegen 0.10/turn

%: no passive effects
@: held
A: large, unfitting armour, claws 3, regeneration 1, shaggy fur 1, tough skin 1
a: no special abilities


You were on level 4 of the Dungeon.
You visited 1 branch of the dungeon, and saw 4 of its levels.

You collected 152 gold pieces.

Inventory:

Missiles
 k - 4 poisoned darts (quivered)
Armour
 a - a +0 robe (worn)
 b - a +0 kite shield (worn)
Jewellery
 j - a ring of poison resistance (left claw)
 o - the amulet of the Fool {Faith Will+}
   (You found it on level 3 of the Dungeon)

   [amulet of faith]

   Faith:     It allows you to gain divine favour quickly.
   Will+:     It increases your willpower.
Wands
 n - a wand of polymorph (9)
Scrolls
 d - a scroll of fear
 e - 2 scrolls of enchant weapon
 g - a scroll of immolation
 h - 2 scrolls of teleportation
 r - a scroll of blinking {unknown}
Potions
 c - a potion of lignification {unknown}
 f - 2 potions of invisibility
 l - a potion of resistance
 p - a potion of ambrosia {unknown}
 q - a potion of brilliance {unknown}


   Skills:
 - Level 3.0 Fighting
 - Level 2.0 Throwing
 - Level 2.4 Dodging
 - Level 2.0 Stealth
 + Level 3.5 Shields
 + Level 5.6 Unarmed Combat


You had 6 spell levels left.
You didn't know any spells.
Your spell library contained the following spells:

 Spells                   Type           Power      Damage    Failure   Level
 Apportation              Tloc           0%         N/A       77%         1
 Necrotise                Necr           0%         1d4       77%         1
 Sting                    Conj/Alch      0%         1d3       77%         1
 Summon Small Mammal      Summ           0%         N/A       77%         1


Dungeon Overview and Level Annotations

Branches:
Dungeon (4/15)
 Temple: D:4-7

Altars:
Cheibriados
Dithmenos
Gozag

Shops:
D:2 ((?   D:3 !!(   D:4 ?


Innate Abilities, Weirdness & Mutations

You are too large for most types of armour.
You have claws for hands.
Your natural rate of healing is unusually fast.
You are covered in fur. (AC +1)
You have tough skin. (AC +1)


Message History

The phantom hits you.
Unknown command.
The gnoll sergeant hits you with a +1 vampiric trident.
The phantom hits you but does no damage.
Something hits you.
You see here an adder corpse.
Unknown command.
You claw the gnoll sergeant!
The gnoll sergeant is heavily wounded.
You block the gnoll sergeant's attack.
The ribbon worm expels a string of sticky webbing.
The stream of webbing hits you but does no damage.
You are caught in a web!
The phantom hits you.
You hear some strange, mumbled words.
A puff of flame appears from out of thin air!
The puff of flame hits you.
Unknown command.
You struggle to detach yourself from the web.
The gnoll sergeant hits you with a +1 vampiric trident.
The gnoll sergeant draws strength from your wounds!
The ribbon worm expels a string of sticky webbing.
The stream of webbing hits you but does no damage.
You are even more entangled.
The phantom hits you but does no damage.
The gnoll hits you from afar with a +0 halberd!
* * * LOW HITPOINT WARNING * * *
You hear some strange, mumbled words.
A magic dart appears from out of thin air!
The magic dart hits you!
* * * LOW HITPOINT WARNING * * *
Unknown command.
Unknown command.
Unknown command.
As you read the scroll labelled AMIWNO RAOCH, it crumbles to dust.
The creatures around you are filled with an inner flame!
It was a scroll of immolation.
The gnoll sergeant hits you with a +1 vampiric trident!
* * * LOW HITPOINT WARNING * * *
The phantom hits you.
You die...

.... ###.......
≈.......... ........
.......(.. #..[...
.......... ###....#
.....>..# #.....$#
.......#####..#...###...
#.......#..)..?.......
##.....W.g.$##.........
###.....w@)#.###.g......w
#........{g..........((...
#.###........####....gw...
#........####...###...
###........##...# ...
#..#.#≈≈≈......# ..
##÷...≈≈≈≈≈..
#####))...≈o∩≈≈##
.#...)).##.≈~g≈≈oo #


You could see a phantom (inner flame), a gnoll sergeant (inner flame), a ribbon
worm (inner flame, catching breath), a gnoll (inner flame) and an orc (inner
flame).

Vanquished Creatures
  Grinder (D:3)
  A scorpion (D:3)
  A hound (D:3)
  A gnoll bouda (D:3)
  A sleepcap (D:3)
  13 gnolls (D:4)
  4 adders
  A dart slug (D:2)
  6 orcs
  9 ball pythons
  An endoplasm (D:1)
  2 giant cockroaches
  12 goblins
  2 hobgoblins
  7 jackals (D:1)
  4 kobolds
  3 quokkas
  6 bats
  3 frilled lizards
  5 rats
83 creatures vanquished.

Notes
Turn   | Place    | Note
-------+----------+-------------------------------------------
     0 | D:1      | hikkokomori the Troll Fighter began the quest for the Orb.
     0 | D:1      | Reached XP level 1. HP: 22/22 MP: 0/0
   101 | D:1      | Reached XP level 2. HP: 29/29 MP: 1/1
   375 | D:1      | Reached skill level 1 in Stealth
   397 | D:1      | Reached XP level 3. HP: 34/36 MP: 2/2
   557 | D:2      | Found Honipt's Magic Scroll Emporium.
   583 | D:2      | Found Vavit's Magic Scroll Shoppe.
   638 | D:2      | Reached skill level 3 in Unarmed Combat
   927 | D:2      | Found Iletosub's Weapon Boutique.
  1070 | D:2      | Found Alaothra's Weapon Shop.
  1074 | D:2      | Reached XP level 4. HP: 44/44 MP: 3/3
  1209 | D:3      | Noticed Grinder
  1214 | D:3      | Paralysed by Grinder for 2 turns
  1222 | D:3      | Paralysed by Grinder for 3 turns
  1227 | D:3      | Killed Grinder
  1228 | D:3      | Reached skill level 5 in Unarmed Combat
  1228 | D:3      | Reached XP level 5. HP: 11/50 MP: 4/4
  1228 | D:3      | Reached XP level 6. HP: 13/59 MP: 5/5
  1314 | D:3      | Noticed Sigmund
  1316 | D:3      | Sigmund changed into Sigmund the hound
  1316 | D:3      | Noticed Sigmund
  1323 | D:3      | Killed Sigmund the hound
  1324 | D:3      | Reached skill level 1 in Throwing
  1344 | D:3      | Found Omonul's Antique Weapon Shop.
  1428 | D:3      | Found Tecweruz's Distillery.
  1463 | D:3      | Found an opulent altar of Gozag.
  1464 | D:3      | Found a shadowy altar of Dithmenos.
  1479 | D:3      | Identified the amulet of the Fool {Faith Will+}
  1514 | D:3      | Found Nuonokogi's Distillery.
  1781 | D:4      | Found Fuosuy's Magic Scroll Emporium.
  2014 | D:4      | Found a snail-covered altar of Cheibriados.
  2029 | D:4      | Reached XP level 7. HP: 56/67 MP: 6/6
  2070 | D:4      | HP: 2/67 [gnoll sergeant/+1 vampiric trident (10)]
  2070 | D:4      | Slain by a phantom

Illustrated notes

Levels and vault maps discovered:
D:1:      dpeg_arrival_rhombus, layout_loops_ring
D:2:      layout_rooms, serial_shops, nicolae_lakefront_shop,
          nicolae_shop_tiny_waterfront, nicolae_shop_hallway_plus,
          nicolae_shop_hallway_plus
D:3:      layout_loops_ring, grunt_temple_overflow_open, serial_shops, shop,
          shop, nicolae_shop_stone, uniq_grinder, uniq_sigmund
D:4:      layout_rooms, slow_altar_1, temple_pool_b, serial_shops,
          nicolae_shop_waterfront

Skill      XL: |  1  2  3  4  5  6 |
---------------+-------------------+-----
Stealth        | 1 2 |  2.0
Unarmed Combat | 3 5 |  5.6
Throwing       | 2 |  2.0
Fighting       | 3 |  3.0
Shields        | 3 |  3.5
Dodging        | |  2.4

Action                     |  1- 3 |  4- 6 |  7- 9 || total
---------------------------+-------+-------+-------++-------
  Melee: Unarmed           |   108 |   116 |    16 ||   240
  Throw: Dart              |       |     3 |       ||     3
  Evoke: Wand              |       |     2 |       ||     2
    Use: Potion            |       |     1 |       ||     1
         Scroll            |       |     5 |     1 ||     6
   Stab: Sleeping          |     5 |     2 |       ||     7
 Armour: Robe              |    60 |    74 |    26 ||   160
  Dodge: Dodged            |    27 |    34 |     8 ||    69
  Block: Kite shield       |    44 |    43 |    14 ||   101

Table legend: (Time is in decaauts)
 A = Elapsed time spent in this place.
 B = Non-inter-level travel time spent in this place.
 C = Inter-level travel time spent in this place.
 D = Time resting spent in this place.
 E = Time spent auto-exploring this place.
 F = Levels seen in this place.
 G = Mean time per level.
                   A        B        C        D        E       F      G
               +--------+--------+--------+--------+--------+-----+--------+
         Total |   2084 |   2014 |     70 |     71 |   1330 |   4 |  521.0 |
       Dungeon |   2084 |   2014 |     70 |     71 |   1330 |   4 |  521.0 |
               +--------+--------+--------+--------+--------+-----+--------+

Top non-repeatable levels by time:
     D:3: 748 daAuts
     D:1: 562 daAuts
     D:2: 549 daAuts
     D:4: 225 daAuts
